 Dungeon Crawl Stone Soup version 0.18.1-6-gd335043 (webtiles) character file.

196217 Finerminer the Ninja (level 18, -1/93 HPs)
             Began as a Spriggan Enchanter on May 13, 2016.
             Was the Champion of Dithmenos.
             Shot with a bolt by a naga sharpshooter (11 damage)
             ... on level 4 of the Snake Pit on May 15, 2016.
             The game lasted 05:03:24 (60675 turns).

Finerminer the Ninja (Spriggan Enchanter)          Turns: 60675, Time: 05:03:24

Health: -1/93      AC: 11    Str:  4    XL:     18   Next: 15%
Magic:  14/37      EV: 33    Int: 22    God:    Dithmenos [******]
Gold:   408        SH:  8    Dex: 22    Spells: 6 memorised, 4 levels left

rFire  . . .     SeeInvis +     a - +1 rapier (protect)
rCold  + + .     Gourm    .     U - +1 robe "Bojooss" {rElec Str-4 Int+3}
rNeg   . . .     Faith    +     t - +2 buckler {rC+}
rPois  +         Spirit   .     G - +1 hat {SInv}
rElec  +         Dismiss  .     W - +1 cloak
rCorr  .         Reflect  .     (gloves unavailable)
SustAt .         Harm     .     (boots unavailable)
MR     +++..                    y - amulet of faith
Stlth  ++++++++++               c - ring of poison resistance
                                C - ring "Giemouj" {MP+9 Str+4}

@: wreathed by umbra, very quick, extremely resistant to hostile enchantments,
uncannily stealthy
A: unfitting armour, horns 1, see invisible, cold resistance 1, herbivore 3,
speed 3, slow metabolism 2
a: Shadow Step, Shadow Form, Renounce Religion


You were on level 4 of the Snake Pit.
You worshipped Dithmenos.
Dithmenos was exalted by your worship.
You were not hungry.

You visited 7 branches of the dungeon, and saw 34 of its levels.
You also visited: Labyrinth.

You collected 2939 gold pieces.
You spent 2531 gold pieces at shops.

Inventory:

Hand Weapons
 a - a +1 rapier of protection (weapon)
 b - a +3 dagger of draining
Armour
 t - a +2 buckler of cold resistance (worn)
 G - a +1 hat of see invisible (worn)
 H - a +2 robe of resistance
 U - the +1 robe "Bojooss" (worn) {rElec Str-4 Int+3}
   (You found it on level 5 of the Lair of Beasts)

   It affects your strength (-4).
   It affects your intelligence (+3).
   It insulates you from electricity.
 W - a +1 cloak (worn)
Jewellery
 c - a ring of poison resistance (right hand)
 y - an amulet of faith (around neck)
 C - the ring "Giemouj" (left hand) {MP+9 Str+4}
   (You found it on level 2 of the Swamp)

   [ring of magical power]

   It affects your strength (+4).
   It affects your magic capacity (+9).
 I - an uncursed ring of protection from magic
 X - an uncursed ring of protection from fire
Wands
 f - a wand of lightning (5/15)
 n - a wand of iceblast (12/15)
 u - a wand of paralysis (0/24)
 E - a wand of digging (16/24)
 R - a wand of iceblast (4/15)
 T - a wand of iceblast (9/15)
 Y - a wand of iceblast (7/15)
Scrolls
 e - 9 scrolls of enchant armour
 g - 4 scrolls of fog
 i - 5 scrolls of teleportation
 k - a scroll of vulnerability
 l - 9 scrolls of remove curse
 o - a scroll of identify
 p - 2 scrolls of fear {unknown}
 q - a scroll of summoning {unknown}
 v - a scroll of recharging
 w - 3 scrolls of holy word
 z - a scroll of blinking
 B - 4 scrolls of magic mapping
 D - a scroll of brand weapon {unknown}
 F - a scroll of amnesia
 P - 2 scrolls of immolation {unknown}
 V - 2 scrolls of enchant weapon
Potions
 h - 13 potions of curing
 j - 3 potions of haste
 m - 5 potions of agility
 r - 2 potions of berserk rage
 s - 5 potions of heal wounds
 A - a potion of might
 K - 2 potions of magic
 L - a potion of cure mutation
 M - 2 potions of brilliance
 N - 2 potions of ambrosia
 O - a potion of resistance
 Q - 4 potions of flight
Miscellaneous
 S - a fan of gales
 Z - 2 phantom mirrors
Comestibles
 d - 5 bread rations
 x - 16 fruits
 J - 3 royal jellies


   Skills:
 - Level 10.0 Fighting
 - Level 10.0 Short Blades
 - Level 15.0 Dodging
 O Level 27 Stealth
 - Level 6.1 Spellcasting
 - Level 10.0 Hexes
 + Level 16.8 Translocations
 + Level 10.6 Earth Magic
 - Level 7.1 Invocations


You had 4 spell levels left.
You knew the following spells:

 Your Spells              Type           Power        Failure   Level  Hunger
a - Corona                Hex            ######.      1%          1    None
b - Ensorcelled Hibernat  Hex/Ice        ####..       2%          2    None
c - Tukima's Dance        Hex            ######..     1%          3    #......
d - Confuse               Hex            ######..     1%          3    #......
e - Controlled Blink      Tloc           N/A          92%         8    #######
f - Lehudib's Crystal Sp  Conj/Erth      ####......   100%        8    #######


Dungeon Overview and Level Annotations

Branches:
Dungeon (15/15)            Temple (0/1) D:4            Lair (7/8) D:11
  Swamp (4/4) Lair:5        Snake (4/4) Lair:3        Slime (0/6) Lair:6
    Orc (2/2) D:11            Elf (1/3) Orc:2        Vaults (0/5) D:14
 Depths (1/5) D:15

Altars:
Ashenzari
Dithmenos
Elyvilon
Gozag
Kikubaaqudgha
Makhleb
Nemelex Xobeh
Okawaru
Pakellas
Qazlal
Sif Muna
Trog
Vehumet
Yredelemnul
The Shining One
Jiyva

Shops:
D:11 [   D:12 ?   Orc:2 *(:[   Snake:2 :(!

Annotations:
Swamp:4 Arivia's ghost, adept MiBe
Elf:1 exclusion: Roxanne, Roxanne


Innate Abilities, Weirdness & Mutations

You are tiny and cannot use many weapons and most armour.
You have supernaturally acute eyesight.
You are a herbivore.
You cover ground extremely quickly.
You need consume almost no food.
You have a pair of small horns on your head.
Your flesh is cold resistant.


Message History

Press: ? - help, Shift-Dir - straight line, f/p - naga sharpshooter
Aim: a naga sharpshooter, wielding an arbalest (catching its breath, umbra, chance to defeat MR: 22%)
The naga sharpshooter resists with almost no effort.
The naga sharpshooter gestures wildly while chanting.
The naga sharpshooter magically shoots a bolt.
The bolt hits you!
* * * LOW HITPOINT WARNING * * *
The naga sharpshooter mumbles some strange words.
The naga sharpshooter magically shoots a bolt.
The bolt hits you!!
* * * LOW HITPOINT WARNING * * *
You see here 2 bolts.
The naga sharpshooter casts a spell.
The naga sharpshooter magically shoots a bolt.
The bolt closely misses you.
You see here 2 bolts.
The naga sharpshooter gestures wildly while chanting.
The naga sharpshooter magically shoots a bolt.
The bolt hits you!
You die...

#.####.####....###..#.#####
##.##.....#.(.## ##...# #
##..........#..# ##..#####
##..........###.# #....%..
#.##........# #.## ##.###...
#####......## ##.# #..# #..#
#......# #.###.## #.## ###
#..)..(### #..#..####.#
#.####....##@.###[)..).....##
#..##.#######..##)####.......
###...# ###..[[<## ###..#..
##.#####......(# ##..#.
#.##.....####.# #....
##.....### ##N## ##.##
##....## ##(((## ##.#
#.....#####..#.)## #..# ###
###.###.....(#####)#####.###


You could see a naga sharpshooter.

Vanquished Creatures
  Gastronok (D:8)
  Frances (D:14)
  Kirke (D:15)
  A greater naga (Snake:4)
  Donald (Orc:2)
  A deep elf sorcerer (Elf:1)
  Maud (Lair:4)
  2 orc warlords (Orc:1)
  Louise (Swamp:3)
  Aizul (Snake:1)
  An emperor scorpion (D:15)
  Nessos (D:15)
  A deep elf annihilator (Elf:1)
  The ghost of murtidash the Devastator, a journeyman DECj of Vehumet (Lair:7)
  A dire elephant (D:15)
  An ettin (Orc:1)
  Josephine (Orc:2)
  4 vault guards
  An entropy weaver (Depths:1)
  A minotaur (Lab)
  A yaktaur captain (Depths:1)
  An ogre mage (D:14)
  An ice dragon (Depths:1)
  16 hydras
  A ghost crab (Swamp:2)
  12 naga warriors
  9 anacondas
  4 centaur warriors
  3 dancing weapons (Elf:1)
  5 alligators
  Erica (Lair:2)
  2 tengu warriors
  4 death yaks (Lair:7)
  5 shock serpents
  3 orc high priests
  6 deep elf knights (Elf:1)
  Urug (Orc:1)
  8 naga sharpshooters
  Nergalle (Lair:4)
  A salamander mystic (Snake:4)
  2 spriggan druids (Swamp:3)
  9 skeletal warriors
  9 naga ritualists
  3 unseen horrors
  4 swamp dragons
  A hill giant (D:14)
  A lindwurm (Lair:4)
  4 deep elf archers (Elf:1)
  10 mana vipers
  3 orc knights
  Pikel (D:8)
  7 orc sorcerers
  6 griffons
  16 deep elf magi (Elf:1)
  An oklob plant (Lair:2)
  13 salamanders
  3 manticores
  A guardian serpent (shapeshifter) (Depths:1)
  5 elephants
  29 black mambas
  5 cyclopes
  2 gargoyles
  24 naga magi
  2 guardian serpents
  3 centaur skeletons
  22 spiny frogs
  5 rime drakes
  2 kobold demonologists (D:11)
  An efreet (D:14)
  17 komodo dragons
  A yaktaur (Depths:1)
  4 two-headed ogres
  9 trolls
  14 blink frogs
  A hornet zombie (D:14)
  7 bog bodies
  22 slime creatures
  6 giant leeches
  An air elemental (Elf:1)
  2 redbacks (Depths:1)
  4 spriggans
  A shadow (Swamp:3)
  3 wraiths
  2 tarantellas (Depths:1)
  11 wyverns
  5 basilisks
  3 water elementals (Elf:1)
  43 yaks
  14 hippogriffs
  Grum (Lair:1)
  A fire elemental (Elf:1)
  A hungry ghost (D:12)
  The ghost of Snicker the Sneak, an amateur DsAs (D:4)
  5 wargs
  18 vampire mosquitoes
  22 swamp worms
  52 nagas
  15 insubstantial wisps
  A hell hound (Lair:5)
  A soldier ant (D:11)
  4 porcupines
  33 orc warriors
  14 water moccasins
  6 sky beasts
  7 swamp drakes
  2 eyes of draining (D:10)
  2 slaves (D:8)
  6 wasps
  An ice beast (D:13)
  2 black bears
  15 ogres
  A necrophage (D:12)
  13 centaurs
  8 wolves
  11 crocodiles
  2 big kobolds
  22 giant frogs
  2 gnoll sergeants
  3 wyvern skeletons
  6 scorpions
  5 killer bees (D:12)
  9 wights (D:11)
  7 howler monkeys
  5 crimson imps
  A quasit (D:6)
  2 giant frog zombies
  9 hounds
  6 jellies
  6 centaur zombies
  19 orc wizards
  10 orc priests
  7 worker ants
  2 iguanas
  22 sheep
  2 hound skeletons
  12 gnolls
  9 adders
  57 river rats
  2 shadow imps
  An ooze (D:7)
  3 adder skeletons
  7 giant geckos
  55 orcs
  6 giant cockroaches
  7 goblins
  5 hobgoblins
  8 jackals
  A quokka (D:10)
  3 ball pythons
  9 bats
  7 giant newts
  14 kobolds
  6 rats
  A fungus (Lair:7)
  A plant (Lair:2)
1077 creatures vanquished.

Vanquished Creatures (collateral kills)
  A skeletal warrior (D:11)
  Joseph (D:7)
  An insubstantial wisp (Swamp:2)
  A gnoll (D:9)
  A hobgoblin (D:9)
5 creatures vanquished.

Vanquished Creatures (others)
  3 dancing weapons
  A human (D:15)
  2 insubstantial wisps (Swamp:2)
  An orc warrior (D:14)
  A crimson imp (D:8)
  22 fungi
  5 plants
35 creatures vanquished.

Grand Total: 1117 creatures vanquished

Notes
Turn   | Place    | Note
--------------------------------------------------------------
     0 | D:1      | Finerminer the Spriggan Enchanter began the quest for the Orb.
     0 | D:1      | Reached XP level 1. HP: 9/9 MP: 5/5
   123 | D:1      | Reached skill level 5 in Stealth
   390 | D:1      | Reached XP level 2. HP: 13/13 MP: 6/6
   394 | D:1      | Learned a level 2 spell: Ensorcelled Hibernation
  1033 | D:1      | Reached skill level 6 in Stealth
  1257 | D:2      | Reached XP level 3. HP: 16/16 MP: 2/8
  1703 | D:2      | Reached skill level 7 in Stealth
  2371 | D:3      | Found a shadowy altar of Dithmenos.
  2398 | D:3      | Became a worshipper of Dithmenos the Shadowed
  3235 | D:3      | Reached XP level 4. HP: 21/21 MP: 9/9
  3281 | D:3      | You fall through a shaft for 3 floors!
  3281 | D:6      | Found an opulent altar of Gozag.
  3491 | D:6      | Noticed a giant frog
  3523 | D:5      | Entered Level 5 of the Dungeon
  3652 | D:5      | Reached skill level 8 in Stealth
  3667 | D:5      | Reached XP level 5. HP: 17/24 MP: 1/10
  3749 | D:5      | Found a sparkling altar of Nemelex Xobeh.
  4015 | D:3      | Learned a level 3 spell: Tukima's Dance
  4019 | D:3      | Learned a level 3 spell: Confuse
  4530 | D:4      | Found a staircase to the Ecumenical Temple.
  4985 | D:4      | Noticed Snicker's ghost (amateur DsAs)
  4998 | D:4      | Killed Snicker's ghost
  4998 | D:4      | Reached skill level 5 in Short Blades
  4998 | D:4      | Reached XP level 6. HP: 28/28 MP: 11/11
  5487 | D:5      | Noticed a sky beast
  5494 | D:5      | Killed a sky beast
  5717 | D:5      | Reached XP level 7. HP: 32/32 MP: 14/14
  5722 | D:5      | Found a radiant altar of Vehumet.
  5988 | D:5      | Reached skill level 5 in Hexes
  6570 | D:6      | Reached * piety under Dithmenos
  6938 | D:7      | Reached XP level 8. HP: 36/36 MP: 15/15
  7149 | D:7      | Noticed Joseph
  7158 | D:7      | Killed Joseph
  7188 | D:7      | Found an iron altar of Okawaru.
  7387 | D:7      | Reached skill level 5 in Dodging
  7728 | D:7      | Reached skill level 1 in Fighting
  7973 | D:8      | Found a burning altar of Makhleb.
  7981 | D:8      | Found a deep blue altar of Sif Muna.
  7981 | D:8      | Found an oddly glowing altar of Pakellas.
  7981 | D:8      | Found a stormy altar of Qazlal.
  8035 | D:8      | Found a glowing golden altar of the Shining One.
  8108 | D:8      | Reached XP level 9. HP: 42/42 MP: 16/16
  8116 | D:8      | Noticed Gastronok
  8222 | D:8      | Killed Gastronok
  8449 | D:8      | Noticed Pikel
  8491 | D:8      | Killed Pikel
  8491 | D:8      | Reached XP level 10. HP: 34/51 MP: 5/17
  8862 | D:9      | Found a shattered altar of Ashenzari.
  8887 | D:9      | Reached skill level 9 in Stealth
  9175 | D:9      | Found a basalt altar of Yredelemnul.
  9175 | D:9      | Found a white marble altar of Elyvilon.
  9176 | D:9      | Found a bloodstained altar of Trog.
  9193 | D:9      | Found an ancient bone altar of Kikubaaqudgha.
  9239 | D:9      | Reached ** piety under Dithmenos
  9325 | D:9      | Reached skill level 10 in Stealth
  9896 | D:9      | Reached skill level 11 in Stealth
 10547 | D:10     | Entered Level 10 of the Dungeon
 10796 | D:10     | Reached *** piety under Dithmenos
 11136 | D:10     | Reached skill level 12 in Stealth
 11742 | D:11     | Found a staircase to the Orcish Mines.
 11742 | D:11     | Noticed a skeletal warrior
 11742 | D:11     | Noticed a skeletal warrior
 11743 | D:11     | Noticed a skeletal warrior
 11808 | D:11     | Found a staircase to the Lair.
 11808 | D:11     | Noticed an elephant
 12021 | D:11     | Found a labyrinth entrance.
 12030 | Lab      | Entered a labyrinth
 14580 | Lab      | Noticed a minotaur
 14592 | Lab      | Killed a minotaur
 14722 | D:11     | Killed an elephant
 14722 | D:11     | Reached XP level 11. HP: 36/54 MP: 18/18
 14859 | D:11     | Reached skill level 10 in Short Blades
 14878 | D:11     | Found Fiux's Armour Boutique.
 14884 | D:11     | Bought a +1 cloak for 172 gold pieces
 14909 | D:11     | Noticed a skeletal warrior
 14976 | D:10     | Upgraded the game from 0.18.1-5-g4a78601 to 0.18.1-6-gd335043
 15238 | D:11     | Noticed a skeletal warrior
 15242 | D:11     | Killed a skeletal warrior
 15242 | D:11     | Reached skill level 5 in Fighting
 15242 | D:11     | Reached skill level 5 in Spellcasting
 15603 | D:11     | HP: 2/56 [skeletal warrior (16)]
 16029 | Lair:1   | Entered Level 1 of the Lair of Beasts
 16290 | Lair:1   | Reached skill level 10 in Hexes
 16311 | Lair:1   | Noticed Grum
 16430 | Lair:1   | Reached **** piety under Dithmenos
 16691 | Lair:1   | Reached skill level 13 in Stealth
 16721 | Lair:1   | Killed Grum
 17061 | Lair:2   | Learned a level 8 spell: Controlled Blink
 17153 | Lair:2   | Noticed an oklob plant
 17155 | Lair:2   | Killed an oklob plant
 17155 | Lair:2   | Reached skill level 14 in Stealth
 17347 | Lair:2   | Noticed Erica
 17354 | Lair:2   | Killed Erica
 18135 | Lair:2   | Reached XP level 12. HP: 61/61 MP: 22/22
 18217 | Lair:3   | Identified a +6 rod of shadows (9/9) (You found it in a labyrinth)
 18282 | Lair:3   | Reached skill level 15 in Stealth
 18595 | Lair:3   | Found a staircase to the Snake Pit.
 18793 | Lair:4   | Noticed Nergalle
 18796 | Lair:4   | Killed Nergalle
 18866 | Lair:4   | Reached skill level 15 in Dodging
 19230 | Lair:4   | Noticed Maud
 19236 | Lair:4   | Killed Maud
 19243 | Lair:4   | Reached skill level 16 in Stealth
 19290 | Lair:4   | Reached ***** piety under Dithmenos
 19718 | Lair:5   | Found a staircase to the Swamp.
 19886 | Lair:5   | Noticed an eight-headed hydra
 19893 | Lair:5   | Killed an eight-headed hydra
 19907 | Lair:5   | Reached XP level 13. HP: 68/68 MP: 22/23
 19937 | Lair:5   | Reached skill level 17 in Stealth
 19975 | Lair:5   | Got an opalescent robe
 19986 | Lair:5   | Identified the +1 robe "Bojooss" {rElec Str-4 Int+3} (You found it on level 5 of the Lair of Beasts)
 19986 | Lair:5   | Lost strength.
 21022 | Lair:5   | Reached skill level 18 in Stealth
 21077 | Lair:6   | Found a viscous altar of Jiyva.
 21078 | Lair:6   | Found a staircase to the Slime Pits.
 21994 | Lair:7   | Noticed murtidash's ghost (journeyman DECj)
 22019 | Lair:7   | Killed murtidash's ghost
 22541 | D:11     | Reached skill level 19 in Stealth
 23841 | D:11     | Reached skill level 10 in Fighting
 24096 | Orc:1    | Entered Level 1 of the Orcish Mines
 24271 | Orc:1    | Noticed Urug
 24351 | Orc:1    | Killed Urug
 24882 | Orc:2    | Entered Level 2 of the Orcish Mines
 24882 | Orc:2    | Found Liepsaq's Antique Weapon Boutique.
 25002 | Orc:2    | Reached XP level 14. HP: 67/77 MP: 15/24
 25038 | Orc:2    | Noticed an orc warlord
 25249 | Lair:5   | Reached skill level 20 in Stealth
 25283 | Swamp:1  | Entered Level 1 of the Swamp
 26284 | Swamp:1  | Reached skill level 21 in Stealth
 27220 | Swamp:2  | Got a bound lead ring
 27222 | Swamp:2  | Identified the ring "Giemouj" {MP+9 Str+4} (You found it on level 2 of the Swamp)
 27402 | Swamp:2  | Reached skill level 22 in Stealth
 27857 | Swamp:2  | Reached ****** piety under Dithmenos
 29344 | Snake:1  | Entered Level 1 of the Snake Pit
 29344 | Snake:1  | Noticed Aizul
 29348 | Snake:1  | Reached skill level 23 in Stealth
 29935 | Orc:1    | Killed an orc warlord
 30132 | Orc:2    | Paralysed by an orc sorcerer for 5 turns
 30485 | Orc:2    | Found a bloodstained altar of Trog.
 30517 | Orc:2    | Noticed an orc warlord
 30517 | Orc:2    | Noticed Josephine
 30517 | Orc:2    | Found Demminu's General Store.
 30724 | Orc:1    | Killed an orc warlord
 31715 | Orc:1    | Reached skill level 24 in Stealth
 32112 | Orc:2    | Reached XP level 15. HP: 80/80 MP: 25/25
 32173 | Orc:2    | Bought a runed dagger for 52 gold pieces
 32192 | Orc:2    | Killed Josephine
 32978 | Orc:2    | Found a staircase to the Elven Halls.
 33373 | Orc:2    | Found Finizi Nueg's Book Boutique.
 33434 | Orc:2    | Noticed Donald
 33436 | Orc:2    | Found Limni's Antique Armour Shoppe.
 33439 | Orc:2    | Killed Donald
 33771 | Lair:3   | Reached skill level 25 in Stealth
 35229 | Swamp:3  | Noticed Louise
 35232 | Swamp:3  | Killed Louise
 35848 | Swamp:3  | Reached skill level 26 in Stealth
 35899 | Swamp:3  | Noticed a thorn hunter
 36424 | Swamp:3  | Gained mutation: Your body sometimes deteriorates upon taking damage. [potion of mutation]
 36424 | Swamp:3  | Gained mutation: You have a pair of small antennae on your head. [potion of mutation]
 36425 | Swamp:3  | Lost mutation: You have a pair of small antennae on your head. [potion of cure mutation]
 36425 | Swamp:3  | Lost mutation: Your body sometimes deteriorates upon taking damage. [potion of cure mutation]
 37273 | Swamp:4  | Entered Level 4 of the Swamp
 37321 | Swamp:4  | Gained mutation: Your flesh is cold resistant. [potion of mutation]
 37321 | Swamp:4  | Gained mutation: You have a pair of small horns on your head. [potion of mutation]
 37365 | Swamp:4  | Noticed Arivia's ghost (adept MiBe)
 37537 | Swamp:4  | Noticed a thorn hunter
 38221 | Elf:1    | Entered Level 1 of the Elven Halls
 38237 | Elf:1    | Reached skill level 27 in Stealth
 38748 | Elf:1    | Reached skill level 1 in Translocations
 38748 | Elf:1    | Reached skill level 1 in Invocations
 39557 | Elf:1    | Noticed a deep elf sorcerer
 39562 | Elf:1    | Noticed Roxanne
 39563 | Elf:1    | Killed a deep elf sorcerer
 39572 | Elf:1    | Reached XP level 16. HP: 85/85 MP: 26/26
 39960 | Elf:1    | Reached skill level 5 in Invocations
 39972 | Elf:1    | Reached skill level 5 in Translocations
 39974 | Elf:1    | Identified Vehumet's Compendium of Attacks
 43289 | Swamp:4  | HP: 2/85 [Arivia's ghost (4)]
 44848 | Orc:2    | Bought a book of Annihilations for 1987 gold pieces
 44857 | Orc:2    | Learned a level 8 spell: Lehudib's Crystal Spear
 45388 | D:12     | Reached skill level 1 in Earth Magic
 45405 | D:12     | Found Ituib's Magic Scroll Shop.
 47291 | D:14     | Noticed Frances
 47293 | D:14     | Killed Frances
 47293 | D:14     | Reached skill level 10 in Translocations
 47814 | D:14     | Found a gate to the Vaults.
 48245 | D:15     | Entered Level 15 of the Dungeon
 48246 | D:15     | Reached skill level 5 in Earth Magic
 48639 | D:15     | Noticed Kirke
 48670 | D:15     | Killed Kirke
 48684 | D:15     | Noticed Nessos
 48691 | D:15     | Killed Nessos
 49092 | D:15     | Found a staircase to the Depths.
 49301 | Depths:1 | Entered Level 1 of the Depths
 49309 | Depths:1 | Reached XP level 17. HP: 89/89 MP: 27/27
 49777 | Snake:1  | Killed Aizul
 50089 | Snake:1  | Identified the Papyrus of Evil Magic and Displacement (You found it on level 1 of the Snake Pit)
 52333 | Snake:2  | Found Urozeu's Weapon Shop.
 53995 | Snake:2  | Found Zeemen's Distillery.
 53999 | Snake:2  | Bought a potion of resistance for 160 gold pieces
 53999 | Snake:2  | Bought a potion of curing for 48 gold pieces
 53999 | Snake:2  | Bought a potion of might for 64 gold pieces
 53999 | Snake:2  | Bought a potion of curing for 48 gold pieces
 54073 | Snake:2  | Found Yrupros's Book Shoppe.
 55294 | Snake:3  | Reached skill level 15 in Translocations
 55645 | Snake:4  | Entered Level 4 of the Snake Pit
 58321 | Snake:4  | Reached skill level 10 in Earth Magic
 59291 | Snake:3  | Reached XP level 18. HP: 93/93 MP: 28/28
 60675 | Snake:4  | Shot with a bolt by a naga sharpshooter

Skill      XL: |  1  2  3  4  5  6  7  8  9 10 11 12 13 14 15 16 17 |
---------------+----------------------------------------------------+-----
Stealth        | 5 6 7 8 12 14 16 19 24 27 | 27.0
Short Blades   | 2 5 9 10 | 10.0
Spellcasting   | 4 6 |  6.1
Hexes          | 4 7 9 10 | 10.0
Dodging        | 8 12 15 | 15.0
Fighting       | 1 4 6 7 10 | 10.0
Translocations | 4 12 16 | 16.8
Invocations    | 4 7 |  7.1
Earth Magic    | 6 10 | 10.6

Action                   |  1- 3 |  4- 6 |  7- 9 | 10-12 | 13-15 | 16-18 || total
-------------------------+-------+-------+-------+-------+-------+-------++-------
Melee: Dagger            |   165 |       |       |       |   300 |   795 ||  1260
       Short sword       |     3 |    59 |    97 |       |       |       ||   159
       Rapier            |       |       |    32 |   485 |   759 |   402 ||  1678
       Headbutt          |       |       |       |       |    11 |   226 ||   237
Throw: Throwing net      |       |       |     1 |     3 |     1 |       ||     5
 Cast: Corona            |    20 |       |       |       |       |       ||    20
       Ensorcelled Hiber |    21 |    15 |    24 |   179 |   527 |   301 ||  1067
       Confuse           |       |     2 |    18 |    32 |   108 |   265 ||   425
       Tukima's Dance    |       |       |     5 |     8 |     9 |       ||    22
Invok: Shadow Step       |       |       |       |     1 |    12 |     4 ||    17
       Shadow Form       |       |       |       |       |       |     2 ||     2
 Abil: End Transformatio |       |       |       |       |       |     1 ||     1
Evoke: Wand              |       |       |       |    11 |    15 |    16 ||    42
  Use: Scroll            |       |       |    10 |     9 |    12 |    13 ||    44
       Potion            |       |       |       |     1 |     8 |    11 ||    20
 Stab: Sleeping          |    28 |    22 |    23 |   190 |   308 |   214 ||   785
       Distracted        |     1 |     1 |     2 |     5 |    31 |    27 ||    67
       Confused          |       |     3 |    12 |     8 |    49 |    77 ||   149
       Held in net/web   |       |       |     5 |     3 |       |       ||     8
       Invisible         |       |       |       |       |     1 |     9 ||    10
       Paralysed         |       |       |       |       |       |     1 ||     1
  Eat: Pizza             |       |     1 |     1 |       |     1 |       ||     3
       Bread ration      |       |     1 |       |     3 |     4 |     4 ||    12
       Fruit             |       |       |       |       |     2 |     4 ||     6
Armor: Robe              |    29 |     3 |    11 |    14 |    43 |    46 ||   146
Dodge: Dodged            |   155 |    33 |    59 |   300 |  1265 |   905 ||  2717
Block: Buckler           |       |       |       |       |       |   301 ||   301
